 Dungeon Crawl Stone Soup version 5.2-4-g6121e92 (webtiles) character file.

630 bazoo the Cleaver (level 9, -2/82 HPs)
             Began as a Naga Gladiator on Nov 13, 2017.
             Was an Initiate of Gozag.
             Slain by an orc warrior
             ... wielding a +0 scimitar
              (18 damage)
             ... on level 7 of the Dungeon.
             The game lasted 00:14:24 (5058 turns).

bazoo the Cleaver (Naga Gladiator)                  Turns: 5058, Time: 00:14:25

Health: -2/82      AC: 12 (0%)Str: 21   XL:     9   Next: 5%
Magic:  0/9        EV:  8    Int:  8    God:    Gozag
Gold:   858        SH:  8    Dex: 12    Spells: 8/8 levels left

rFire    . . .     SeeInvis +   a - +0 war axe
rCold    . . .     Faith    .   D - +0 shield
rNeg     . . .     Spirit   +   C - +2 robe {MR+}
rPois    +         Reflect  .   c - +0 helmet
rElec    .                      u - +1 cloak
rCorr    .                      x - +2 pair of gloves
MR       ++...                  (no barding)
Stlth    +.........             f - amulet of guardian spirit
Regen    0.3/turn               (no ring)
MPRegen  0.2/turn               (no ring)

@: very slow
A: see invisible, deformed body, poison resistance, slowness 2, slow metabolism
1, spit poison 1, AC +3
a: Spit Poison, Potion Petition, Call Merchant, Bribe Branch, Renounce Religion


You were on level 7 of the Dungeon.
You worshipped Gozag.
Gozag was pleased with you.
You were not hungry.

You visited 1 branch of the dungeon, and saw 7 of its levels.

You collected 872 gold pieces.
You paid 14 gold pieces to Gozag.

Inventory:

Hand Weapons
 a - a +0 war axe (weapon)
 F - a +0 arbalest
Missiles
 b - 97 bolts
 d - 193 poisoned darts
 e - 3 curare darts
 g - 1459 stones
 m - 647 arrows
 t - 22 frenzy darts
 w - 131 tomahawks (quivered)
Armour
 c - a +0 helmet (worn)
 i - a +0 plate armour
 n - a +0 ring mail
 u - a +1 cloak (worn)
 x - a +2 pair of gloves (worn)
 B - a +0 buckler
 C - a +2 robe of magic resistance (worn)
 D - a +0 shield (worn)
Jewellery
 f - an amulet of guardian spirit (around neck)
Scrolls
 h - a scroll of blinking
 k - a scroll of magic mapping
 o - 2 scrolls of teleportation
 p - 2 scrolls of immolation
 q - 3 scrolls of amnesia
 s - 2 scrolls of fear
 y - 2 scrolls of enchant weapon
 z - a scroll of enchant armour
 E - 2 scrolls of holy word
Potions
 j - 3 potions of heal wounds
 l - 4 potions of curing
 r - 3 potions of flight
 v - a potion of magic
 A - 2 potions of mutation


   Skills:
 * Level 6.0 Fighting
 - Level 9.4 Axes
 - Level 1.7 Throwing
 - Level 1.8 Armour
 - Level 2.4 Dodging
 + Level 2.1 Shields


You had 8 spell levels left.
You didn't know any spells.

Dungeon Overview and Level Annotations

Branches:
Dungeon (7/15)

Altars:
Cheibriados
Elyvilon
Gozag
Hepliaklqana
Jiyva
Makhleb
Okawaru
Qazlal
Uskayaw
Xom
Yredelemnul


Innate Abilities, Weirdness & Mutations

You cannot wear boots.
Your serpentine skin is tough. (AC +3)
You have supernaturally acute eyesight. (SInv)
Armour fits poorly on your strangely shaped body.
Your system is resistant to poisons. (rPois)
You cover ground very slowly.
You have a slow metabolism.
You can spit poison.


Message History

The orc warrior is poisoned.
The orc warrior is moderately wounded.
The orc warrior throws a stone.
The stone hits you (14)!
The orc warrior throws a stone.
The stone hits you but does no damage.
You have got your breath back.
The orc warrior hits you with a +0 scimitar (10)!
You see here a +0 hand axe.
You hit the orc warrior (1).
The orc warrior is heavily wounded.
The orc warrior hits you with a +0 scimitar (16)!
You hit the orc warrior (2).
The orc warrior is severely wounded.
The orc warrior looks more healthy.
The orc warrior hits you with a +0 scimitar (21)!!
* * * LOW HITPOINT WARNING * * *
You hit the orc warrior but do no damage.
The orc warrior is severely wounded.
The orc warrior hits you with a +0 scimitar (20)!!
You die...
Your body crumbles into a pile of gold.

....###.## ##..#
......#.# #.####
.# #.#.## #..).##
.# ##....# ####..#
.###.##### ##.#
.##.## $ #.# .##.#
. #.# .##.# h.$
##.# .##.#$
..h'.####@.#
.##.## #...ho.##
>###.#####.###.###
#####.....###..#
..............##
##############


You could see an orc warrior and a hound.

Vanquished Creatures
  Grinder (D:5)
  Edmund (D:5)
  A water moccasin (D:6)
  3 ice beasts
  An ogre (D:4)
  A water moccasin skeleton (D:6)
  2 scorpions
  2 howler monkeys
  2 jellies
  A bullfrog skeleton (D:5)
  A centaur skeleton (D:5)
  5 hounds
  3 orc wizards
  5 worker ants
  2 hound skeletons
  Samantha (D:3)
  12 adders
  3 shadow imps
  2 dart slugs
  12 orcs
  9 quokkas
  3 giant cockroaches
  19 goblins
  9 hobgoblins
  3 jackals (D:2)
  3 bats
  6 frilled lizards
  5 kobolds
  7 rats
125 creatures vanquished.

Notes
Turn   | Place    | Note
-------+----------+-------------------------------------------
     0 | D:1      | bazoo the Naga Gladiator began the quest for the Orb.
     0 | D:1      | Reached XP level 1. HP: 19/19 MP: 1/1
   179 | D:1      | Reached XP level 2. HP: 26/26 MP: 2/2
   719 | D:2      | Reached skill level 4 in Axes
   772 | D:2      | Reached XP level 3. HP: 29/32 MP: 3/3
  1087 | D:2      | Found an opulent altar of Gozag.
  1088 | D:2      | Found a viscous altar of Jiyva.
  1090 | D:2      | Found a burning altar of Makhleb.
  1094 | D:2      | Reached XP level 4. HP: 36/39 MP: 4/4
  1097 | D:2      | Found a hide-covered altar of Uskayaw.
  1098 | D:2      | Found an iron altar of Okawaru.
  1125 | D:2      | Became a worshipper of Gozag Ym Sagoz the Greedy
  1407 | D:2      | Reached skill level 5 in Axes
  1731 | D:3      | Found a faded altar of an unknown god.
  1794 | D:3      | Noticed Samantha
  1806 | D:3      | Killed Samantha
  2129 | D:3      | Reached XP level 5. HP: 44/45 MP: 5/5
  2151 | D:3      | Found a stormy altar of Qazlal.
  2273 | D:3      | Reached skill level 6 in Axes
  2371 | D:4      | Reached XP level 6. HP: 48/52 MP: 6/6
  2658 | D:4      | Found a hazy altar of Hepliaklqana.
  2810 | D:4      | Reached skill level 7 in Axes
  3088 | D:5      | Entered Level 5 of the Dungeon
  3227 | D:5      | Reached XP level 7. HP: 60/60 MP: 7/7
  3266 | D:5      | Reached skill level 8 in Axes
  3272 | D:5      | Noticed Grinder
  3285 | D:5      | Paralysed by Grinder for 7 turns
  3303 | D:5      | Killed Grinder
  3415 | D:5      | Reached skill level 9 in Axes
  3415 | D:5      | Reached XP level 8. HP: 54/67 MP: 6/8
  3591 | D:5      | Found a snail-covered altar of Cheibriados.
  3622 | D:5      | Reached skill level 1 in Armour
  3898 | D:5      | Noticed Edmund
  3922 | D:5      | Killed Edmund
  4100 | D:6      | Found a basalt altar of Yredelemnul.
  4279 | D:6      | Found a shimmering altar of Xom.
  4281 | D:6      | Found a shimmering altar of Xom.
  4281 | D:6      | Found a shimmering altar of Xom.
  4281 | D:6      | Found a shimmering altar of Xom.
  4286 | D:6      | Found a shimmering altar of Xom.
  4286 | D:6      | Found a shimmering altar of Xom.
  4286 | D:6      | Found a shimmering altar of Xom.
  4297 | D:6      | Reached skill level 1 in Shields
  4370 | D:6      | Reached skill level 5 in Fighting
  4495 | D:6      | Found a white marble altar of Elyvilon.
  4823 | D:7      | Reached XP level 9. HP: 82/82 MP: 9/9
  5058 | D:7      | Slain by an orc warrior

Skill      XL: |  1  2  3  4  5  6  7  8  9 |
---------------+----------------------------+-----
Axes           | 4 5 6 7 9 |  9.4
Armour         | 1 |  1.8
Fighting       | 5 6 |  6.0
Shields        | 2 |  2.1
Throwing       | |  1.7
Dodging        | |  2.4

Action                   |  1- 3 |  4- 6 |  7- 9 || total
-------------------------+-------+-------+-------++-------
Melee: War axe           |    76 |   151 |   203 ||   430
Throw: Tomahawk          |       |       |     2 ||     2
 Abil: Spit Poison       |    20 |    21 |    25 ||    66
  Use: Scroll            |       |       |     1 ||     1
 Stab: Distracted        |       |       |     2 ||     2
Armor: Leather armour    |     1 |       |       ||     1
       Plate armour      |    27 |    25 |    95 ||   147
       Ring mail         |    13 |    53 |       ||    66
       Robe              |       |       |    36 ||    36
Dodge: Dodged            |    35 |    75 |    52 ||   162
Block: Shield            |       |       |    26 ||    26
       Buckler           |       |       |     5 ||     5
